Map: Frozen Temple

Players

Pokebunny - Winner!

  • Race: Terran Terran
  • League: Grandmaster

Cristiger

  • Race: Zerg Zerg
  • League: Master

VOD

Have the link to the VOD?

Description

Time

  • Played on: April 6, 2016, 10:57 p.m.
  • Length: 5:51
Show
View Real Time Build Order
Export as new Build Order

Pokebunny Terran - Winner!

Build Orders: Reaper Expand 

Get SALT Encoding   

  12  0:00  SCV  
  13  0:13  SCV  
  14  0:18  Supply Depot  
  14  0:25  SCV  
  15  0:39  SCV  
  15  0:41  Barracks  
  16  0:44  Refinery  
  16  0:51  SCV  
  17  1:04  SCV  
  18  1:16  SCV  
  19  1:28  Orbital Command, Reaper  
  20  1:40  Command Center  
  20  1:53  Supply Depot  
  20  1:54  SCV  
  21  2:00  Barracks Reactor  
  21  2:06  SCV  
  22  2:09  Barracks  
  22  2:18  SCV  
  22  2:21  Barracks  
  23  2:31  SCV  
  23  2:32  Refinery  
  24  2:40  Marine x2  
  26  2:46  SCV  
  26  2:50  Factory  
  27  2:52  Orbital Command  
  27  2:57  Barracks Tech Lab  
  27  3:00  SCV  
  27  3:04  Marine  
  27  3:05  Marine  
  29  3:10  Marine  
  31  3:19  Marine, Stimpack  
  32  3:21  SCV x2  
  34  3:29  Marine x2  
  36  3:34  Starport  
  36  3:35  Factory Reactor  
  36  3:39  SCV x2  
  38  3:46  Marine  
  38  3:47  Marine  
  40  3:54  Supply Depot  
  40  3:55  Marine x2  
  42  3:58  SCV x2  
  44  4:04  Marine  
  44  4:09  Marine  
  46  4:10  Supply Depot  
  46  4:11  Engineering Bay  
  46  4:15  Marine, SCV  
  49  4:27  Marine, SCV  
  49  4:28  Refinery, Marine x2  
  52  4:33  Marine  
  52  4:34  Medivac x2  
  52  4:35  Factory Tech Lab  
  57  4:43  Supply Depot  
  57  4:46  SCV x2  
  57  4:47  Marine x2  
  57  4:49  Marine  
  62  5:05  Siege Tank, Marine  
  62  5:06  Marine x2  
  68  5:09  Supply Depot  
  68  5:10  Supply Depot  
  69  5:17  Barracks Reactor  
  68  5:21  Barracks  
  68  5:22  Barracks  
  68  5:26  SCV x2  
Show
View Real Time Build Order
Export as new Build Order

Cristiger Zerg 

Build Orders: Hatch First 

Get SALT Encoding   

  12  0:01  Drone  
  13  0:09  Drone  
  14  0:17  Overlord  
  14  0:20  Extractor  
  13  0:24  Drone  
  15  0:36  Drone x2  
  17  0:53  Hatchery  
  16  1:07  Spawning Pool  
  16  1:09  Extractor  
  14  1:13  Drone  
  14  1:16  Drone  
  16  1:19  Drone  
  16  1:24  Drone  
  18  1:34  Drone  
  19  1:45  Overlord  
  19  1:54  Queen  
  19  1:56  Zergling x2  
  22  2:06  Queen, Drone  
  22  2:07  Drone  
  26  2:12  Metabolic Boost  
  26  2:19  Drone x2  
  28  2:29  Overlord  
  27  2:34  Queen  
  29  2:37  Extractor  
  28  2:46  Overlord  
  28  2:48  Drone  
  28  2:50  Drone  
  31  2:52  Drone x2  
  33  2:59  Drone  
  33  3:01  Drone  
  33  3:02  Drone x2  
  33  3:03  Drone  
  38  3:10  Drone  
  39  3:13  Drone  
  39  3:15  Extractor  
  39  3:18  Drone  
  39  3:19  Drone x2  
  42  3:21  Queen  
  44  3:30  Overlord  
  44  3:33  Extractor  
  43  3:34  Zergling x6  
  46  3:42  Lair  
  46  3:43  Drone x2  
  46  3:44  Drone  
  46  3:48  Drone x2  
  51  3:53  Extractor  
  51  3:55  Drone  
  51  4:03  Overlord  
  51  4:06  Drone  
  51  4:20  Overlord  
  51  4:22  Hatchery  
  50  4:24  Drone  
  50  4:25  Drone x6  
  50  4:29  Evolution Chamber  
  50  4:31  Evolution Chamber  
  55  4:35  Drone x2  
  57  4:43  Drone  
  58  4:47  Spire  
  58  4:49  Baneling Nest  
  58  4:52  Overlord  
  56  5:06  Overlord  
  55  5:10  Drone x5  
  60  5:16  Zergling x4  
  61  5:23  Zergling x2  
  61  5:24  Zergling x2  
  61  5:25  Zergling x10  
  61  5:27  Zergling x2  
  68  5:36  Spore Crawler  
  68  5:39  Spore Crawler  
Tags
 
Add a new tag
Caveats
  • Supply blocks, unpowered buildings, or Contaminate may cause inaccurate times.
  • Supply counts are checked every 10 seconds.